Map: Cyber Forest LE

Players

Vanya

  • Race: Zerg Zerg
  • Spawn Location: 11:00

GunGFuBanDa - Winner!

  • Race: Protoss Protoss
  • Spawn Location: 5:00

Event: 2019 WCS Summer

VOD

Have the link to the VOD?

Description

Time

  • Played on: July 13, 2019, 6:47 a.m.
  • Length: 7:11

All games in this series

Show
View Real Time Build Order
Export as new Build Order

Vanya Zerg 

Build Orders: Hatch First 

Get SALT Encoding   

  12  0:00  Drone  
  13  0:12  Overlord  
  13  0:16  Drone  
  14  0:31  Drone  
  15  0:44  Hatchery  
  15  0:48  Drone  
  15  0:51  Drone  
  15  0:56  Drone  
  17  1:06  Extractor  
  16  1:13  Spawning Pool  
  16  1:18  Drone  
  16  1:20  Drone  
  16  1:24  Drone  
  18  1:32  Drone  
  19  1:42  Drone  
  20  1:55  Hatchery  
  19  2:02  Queen  
  19  2:07  Zergling x2  
  22  2:14  Metabolic Boost  
  22  2:19  Zergling x2  
  23  2:28  Roach Warren  
  22  2:35  Overlord  
  22  3:08  Roach x6  
  34  3:14  Zergling x2  
  34  3:19  Roach  
  37  3:23  Roach  
  39  3:27  Zergling x2  
  40  3:36  Roach  
  40  3:38  Overlord  
  41  3:52  Overlord  
  41  3:58  Zergling x8  
  41  4:02  Zergling x4  
  47  4:09  Zergling x2  
  45  4:11  Zergling x4  
  45  4:16  Zergling x2  
  48  4:22  Zergling x4  
  48  4:27  Zergling x4  
  50  4:37  Zergling x6  
  51  4:41  Zergling x2  
  52  4:46  Ravager  
  52  4:51  Zergling x2  
  52  4:52  Zergling x4  
  49  4:53  Zergling x2  
  49  4:56  Zergling x2  
  49  4:59  Zergling x2  
  44  5:04  Zergling x2  
  44  5:06  Drone  
  44  5:15  Zergling x2, Roach  
  44  5:19  Zergling x4  
  42  5:25  Zergling x2  
  42  5:27  Drone  
  35  5:29  Drone  
  35  5:35  Drone  
  37  5:36  Drone  
  37  5:39  Drone  
  39  5:47  Drone x3  
  42  5:50  Drone  
  42  5:52  Drone  
  42  5:55  Drone  
  45  5:59  Drone  
  45  6:01  Drone  
  47  6:04  Extractor  
  47  6:10  Zergling x4, Roach  
  50  6:13  Zergling x2  
  46  6:23  Zergling x4, Roach x2  
  51  6:30  Queen  
  53  6:33  Overlord  
  53  6:38  Ravager  
  53  6:39  Roach  
  56  6:44  Overlord  
  56  6:46  Zergling x2  
  57  6:48  Ravager  
Show
View Real Time Build Order
Export as new Build Order

GunGFuBanDa Protoss - Winner!

Build Orders: 1 Gate Expand 

Get SALT Encoding   

  12  0:00  Probe  
  13  0:12  Probe  
  14  0:17  Pylon  
  14  0:24  Probe  
  15  0:32  Probe  
  15  0:38  Gateway  
  15  0:40  Probe  
  16  0:48  Assimilator  
  17  0:51  Probe  
  18  1:03  Probe  
  19  1:15  Probe  
  20  1:24  Nexus  
  20  1:34  Cybernetics Core  
  20  1:38  Probe  
  21  1:42  Assimilator  
  21  1:50  Probe  
  21  1:51  Pylon  
  22  2:01  Probe, Adept  
  23  2:09  Probe  
  26  2:17  Probe, Robotics Facility  
  26  2:22  Warp Gate  
  27  2:23  Adept  
  27  2:34  Probe  
  31  2:37  Probe  
  31  2:46  Probe  
  31  2:49  Probe  
  33  2:51  Stalker  
  33  2:58  Probe, Warp Prism  
  36  3:01  Probe  
  37  3:10  Probe  
  40  3:13  Probe  
  41  3:21  Gateway  
  41  3:22  Probe  
  41  3:25  Probe  
  43  3:32  Pylon  
  43  3:34  Probe  
  43  3:37  Probe  
  46  3:48  Gateway  
  46  3:49  Gateway  
  46  3:50  Probe  
  46  3:54  Pylon  
  46  3:55  Immortal  
  46  3:57  Pylon  
  46  4:10  Stalker  
  46  4:16  Stalker  
  34  4:26  Immortal  
  34  4:32  Probe  
  38  4:43  Zealot x2  
  41  4:59  Immortal  
  37  5:04  Zealot  
  41  5:07  Sentry  
  43  5:24  Probe  
  43  5:28  Probe  
  45  5:29  Sentry  
  45  5:32  Sentry, Probe  
  49  5:38  Sentry  
  49  5:39  Pylon  
  49  5:40  Probe  
  49  5:41  Observer  
  54  5:53  Probe  
  54  5:54  Forge  
  54  5:57  Probe  
  56  6:01  Probe, Pylon  
  56  6:08  Pylon  
  57  6:14  Probe  
  57  6:15  Probe  
  59  6:20  Sentry  
  61  6:26  Probe  
  61  6:30  Probe  
  61  6:31  Zealot  
  61  6:32  Sentry  
  67  6:38  Probe  
  68  6:43  Stalker  
  68  6:44  Stalker  
Tags
 
Add a new tag
Caveats
  • Supply blocks, unpowered buildings, or Contaminate may cause inaccurate times.
  • Supply counts are checked every 10 seconds.